 Dungeon Crawl Stone Soup version 0.30-a0-743-gbfdf073431 (webtiles) character file.

Game seed: 10078458830277379560

170 mistaj the Trooper (level 5, -2/29 HPs)
             Began as a Vine Stalker Fighter on Feb 6, 2023.
             Slain by Pikel
             ... wielding a +1 whip of electrocution
              (13 damage)
             ... on level 3 of the Dungeon.
             The game lasted 00:03:17 (2284 turns).

mistaj the Trooper (Vine Stalker Fighter)           Turns: 2284, Time: 00:03:17

Health: -2/29      AC:  6    Str: 21    XL:     5   Next: 50%
Magic:  0/15       EV:  9    Int:  8    God:
Gold:   119        SH:  5    Dex: 13    Spells: 4/4 levels left

rFire   . . .      SeeInvis .    p - +2 dagger (speed)
rCold   . . .      Faith    .    c - +0 buckler
rNeg    . . .      Spirit   +    b - +0 scale mail
rPois   .          Reflect  .    (no helmet)
rElec   .          Harm     .    (no cloak)
rCorr   .          Rampage  .    (no gloves)
Will    .....                    (no boots) Stlth
                                 (no amulet)
HPRegen 1.04/turn                f - ring of magical power
MPRegen 0.14/turn                (no ring)

@: no status effects
A: fangs 2, regeneration 1, magic shield, antimagic bite, no potion heal 2
a: no special abilities


You were on level 3 of the Dungeon.
You visited 1 branch of the dungeon, and saw 4 of its levels.

You collected 119 gold pieces.

Inventory:

Hand Weapons
 a - a +0 rapier
 p - a +2 dagger of speed (weapon)
Missiles
 l - 2 throwing nets (quivered)
Armour
 b - a +0 scale mail (worn)
 c - a +0 buckler (worn)
Jewellery
 f - a ring of magical power (left hand)
Scrolls
 e - a scroll of torment {unknown}
 g - 2 scrolls of fear {unknown}
 h - a scroll of teleportation {unknown}
 m - a scroll of identify {unknown}
 o - a scroll of fog {unknown}
 q - a scroll of amnesia {unknown}
 r - a scroll of immolation {unknown}
 s - a scroll of magic mapping {unknown}
 u - a scroll of noise {unknown}
Potions
 d - 3 potions of might
 i - 3 potions of heal wounds
 j - 4 potions of curing {unknown}
 k - a potion of haste {unknown}
 n - a potion of brilliance {unknown}
 t - a potion of degeneration {unknown}
 v - a potion of flight {unknown}


   Skills:
 + Level 3.8 Fighting
 + Level 3.2 Short Blades
 - Level 2.4 Armour
 + Level 3.8 Shields


You had 4 spell levels left.
You didn't know any spells.
Your spell library was empty.

Dungeon Overview and Level Annotations

Branches:
Dungeon (4/15)
 Temple: D:4-7

Altars:
Elyvilon
Uskayaw
Xom

Annotations:
D:3 2 transporters, Pikel


Innate Abilities, Weirdness & Mutations

You have extremely sharp teeth.
Your natural rate of healing is unusually fast.
When hurt, damage is shared between your health and your magic reserves.
Your bite disrupts and absorbs the magic of your enemies.
Potions cannot restore your health.


Message History

You hit the lemure.
The lemure is almost dead.
The lemure hits you.
You hit the lemure. Your bite misses the lemure.
The lemure is almost dead.
You hit the lemure but do no damage. Your bite misses the lemure.
The lemure is almost dead.
The lemure hits you but does no damage.
You miss the lemure. You bite the lemure, but do no damage.
The lemure is almost dead.
You hit the lemure.
You kill the lemure!
That felt strangely unrewarding.
No target in view!
No target in view!
You start resting.
HP restored.
You climb downwards.
Level annotation: Pikel Pikel hits you with a +1 whip of electrocution. x2
There is a stone staircase leading up, spattered with blood here.
Pikel hits you with a +1 whip of electrocution.
You are electrocuted!
You climb upwards.
Level annotation: 2 transporters
There is a stone staircase leading down here.
You are too injured to fight recklessly!
You are too injured to fight recklessly!
You hit Pikel. You bite Pikel, but do no damage.
Pikel is lightly wounded.
You closely miss Pikel.
Pikel is lightly wounded.
Pikel hits you but does no damage.
You closely miss Pikel.
Pikel is lightly wounded.
You closely miss Pikel. You bite Pikel. You drain his power.
You feel invigorated.
Pikel is lightly wounded.
Pikel hits you with a +1 whip of electrocution.
You are electrocuted!!
You die...

#..###.#.....#.
####.## #.#.....#.
#.....###.###'###.
#.....##..........
#.....##..###.#..#
#....÷...###......
#.....#### #......
#.....# #......
#@....# ##......
#.K...# #..#####
####### ###..#
#....#
#######.#######
##.......###≈≈≈##
##......#.##≈≈⌠≈≈#
#...P..##.#≈≈...≈≈
#..♣P..##.#≈⌠._.⌠≈


You could see Pikel.

Vanquished Creatures
  2 lemures (D:3)
  An orc priest (D:3)
  A hound (D:3)
  4 adders
  3 dart slugs
  An orc (D:3)
  5 endoplasms
  9 hobgoblins
  9 jackals
  5 quokkas
  5 ball pythons
  3 bats
  4 frilled lizards
  6 goblins
  8 kobolds
  4 rats
70 creatures vanquished.

Vanquished Creatures (others)
  2 plants (D:3)
2 creatures vanquished.

Grand Total: 72 creatures vanquished

Notes
Turn   | Place    | Note
-------+----------+-------------------------------------------
     0 | D:1      | mistaj the Vine Stalker Fighter began the quest for the
                  | Orb.
     0 | D:1      | Reached XP level 1. HP: 11/11 MP: 2/2
   198 | D:1      | Reached XP level 2. HP: 16/16 MP: 3/3
   614 | D:1      | Reached XP level 3. HP: 20/20 MP: 4/4
  1504 | D:3      | Found a transporter.
  1525 | D:3      | Gained mutation: Your natural rate of healing is unusually
                  | fast. [Vine Stalker growth]
  1525 | D:3      | Reached XP level 4. HP: 24/24 MP: 5/5
  1652 | D:3      | Found a transporter.
  1658 | D:3      | Reached XP level 5. HP: 24/29 MP: 6/6
  1827 | D:3      | Found a shimmering altar of Xom.
  1914 | D:3      | Found a hide-covered altar of Uskayaw.
  1981 | D:3      | Found a faded altar of an unknown god.
  2135 | D:3      | Found a white marble altar of Elyvilon.
  2238 | D:4      | Noticed Pikel
  2238 | D:4      | Noticed a lemure
  2238 | D:4      | Noticed a lemure
  2238 | D:4      | Noticed a lemure
  2239 | D:4      | Noticed a lemure
  2256 | D:3      | Killed a lemure
  2275 | D:3      | Killed a lemure
  2284 | D:3      | Slain by Pikel

Illustrated notes

Levels and vault maps discovered:
D:1:      minmay_arrival_hallway, layout_basic, serial_glass, glass_columns_a,
          glass_columns_a, feat_on_display
D:2:      layout_loops_ring
D:3:      gammafunk_wand_slinger, layout_rooms, nicolae_elyvilon_temple_path,
          overflow_temple_1_default, amcnicky_altar_gilded,
          shapermc_ecumenical_altar_ellora, serial_park_tiny_1,
          minmay_starry_boxes
D:4:      layout_rooms, kennysheep_donut, uniq_edmund, uniq_pikel,
          uniq_eustachio

Skill      XL: |  1  2  3  4 |
---------------+-------------+-----
Short Blades   | 2 3 |  3.2
Shields        | 3 |  3.8
Fighting       | 3 |  3.8
Armour         | |  2.4

Action                     |  1- 3 |  4- 6 || total
---------------------------+-------+-------++-------
  Melee: Rapier            |    92 |       ||    92
         Bite              |    14 |    34 ||    48
         Dagger            |    19 |   114 ||   133
 Armour: Scale mail        |    42 |    28 ||    70
  Dodge: Dodged            |    47 |    34 ||    81
  Block: Buckler           |    24 |    19 ||    43

Table legend: (Time is in decaauts)
 A = Elapsed time spent in this place.
 B = Non-inter-level travel time spent in this place.
 C = Inter-level travel time spent in this place.
 D = Time resting spent in this place.
 E = Time spent auto-exploring this place.
 F = Levels seen in this place.
 G = Mean time per level.
                   A        B        C        D        E       F      G
               +--------+--------+--------+--------+--------+-----+--------+
         Total |   2239 |   2156 |     83 |    127 |   1565 |   4 |  559.8 |
       Dungeon |   2239 |   2156 |     83 |    127 |   1565 |   4 |  559.8 |
               +--------+--------+--------+--------+--------+-----+--------+

Top non-repeatable levels by time:
     D:1: 880 daAuts
     D:3: 742 daAuts
     D:2: 608 daAuts
     D:4: 8 daAuts
